 Dungeon Crawl Stone Soup version 0.22-a0-866-geee5034 (webtiles) character file.

63 Gildeon the Cutter (level 3, -2/22 HPs)
             Began as a Deep Elf Fighter on July 28, 2018.
             Slain by a gnoll
             ... wielding a +0 flail
              (4 damage)
             ... on level 2 of the Dungeon.
             The game lasted 00:07:24 (2044 turns).

Gildeon the Cutter (Deep Elf Fighter)               Turns: 2044, Time: 00:07:24

Health: -2/22      AC:  9    Str: 14    XL:     3   Next: 87%
Magic:  5/5        EV:  9    Int: 12    God:
Gold:   67         SH:  4    Dex: 14    Spells: 2/2 levels left

rFire    . . .     SeeInvis .   a - +0 rapier
rCold    . . .     Gourm    .   h - +0 buckler
rNeg     . . .     Faith    .   b - +0 scale mail
rPois    .         Spirit   .   i - +0 helmet
rElec    .         Reflect  .   (no cloak)
rCorr    .         Harm     .   e - +0 pair of gloves
MR       .....                  j - +0 pair of boots
Stlth    ..........             (no amulet)
HPRegen  0.07/turn              (no ring)
MPRegen  0.09/turn              (no ring)

@: no status effects
A: no striking features
a: no special abilities


You were on level 2 of the Dungeon.
You were not hungry.

You visited 1 branch of the dungeon, and saw 2 of its levels.

You collected 67 gold pieces.

Inventory:

Hand Weapons
 a - a +0 rapier (weapon)
 l - a +2 dagger of venom
Armour
 b - a +0 scale mail (worn)
 c - a +0 shield
 e - a +0 pair of gloves (worn)
 h - a +0 buckler (worn)
 i - a +0 helmet (worn)
 j - a +0 pair of boots (worn)
Scrolls
 m - a scroll of remove curse {unknown}
Potions
 d - a potion of might
 k - a potion of curing
Comestibles
 f - 4 rations


   Skills:
 - Level 2.4 Fighting
 * Level 3.3 Short Blades
 - Level 2.4 Armour
 + Level 1.9 Dodging
 + Level 2.8 Shields


You had 2 spell levels left.
You didn't know any spells.
Your spell library was empty.

Dungeon Overview and Level Annotations

Branches:
Dungeon (2/15)

Altars:


Message History

You hit the gnoll.
The gnoll is heavily wounded.
The gnoll closely misses you.
You hit the gnoll.
The gnoll is severely wounded.
You block the gnoll's attack. x2
You closely miss the gnoll.
The gnoll is severely wounded.
The gnoll hits you with a flail.
The gnoll hits you from afar with a spear.
You hit the gnoll but do no damage.
The gnoll is severely wounded.
A gnoll comes into view. It is wielding a whip.
The gnoll hits you with a flail. The gnoll hits you but does no damage.
You barely miss the gnoll.
The gnoll is severely wounded.
The gnoll hits you from afar with a spear.
* * * LOW HITPOINT WARNING * * *
The gnoll hits you with a flail.
You die...

#.# #..#####..#.#.#.##.#
#.# #<.# #...........# #.#
#..## ##.#........#
#.####...# #.###.#.##.####
#...##.#.# #.# #.#.##.....
###.##.#.# #.# #....######
#.##.#.# #.# ###..#
#.##.#.#####.# #..######
#.##.....@ggg# #........
#.####.####### ##.#####.
#.# ##.## #.# #.
#.###...## #.# #.
#.##.###.##########.#####.
#....# #............#.....
####.###.############.###.
##..[## #.# #. ##.##
######.###.


You could see 3 gnolls.

Vanquished Creatures
  An adder (D:2)
  An ooze (D:1)
  A worm (D:2)
  A dart slug (D:1)
  2 leopard geckos
  4 bats
  A giant cockroach (D:1)
  8 goblins (D:1)
  2 hobgoblins
  2 jackals (D:1)
  A quokka (D:2)
  5 frilled lizards
  11 kobolds (D:1)
  3 rats
43 creatures vanquished.

Notes
Turn   | Place    | Note
-------+----------+-------------------------------------------
     0 | D:1      | Gildeon the Deep Elf Fighter began the quest for the Orb.
     0 | D:1      | Reached XP level 1. HP: 13/13 MP: 3/3
   132 | D:1      | Reached XP level 2. HP: 14/18 MP: 4/4
   262 | D:1      | Reached skill level 1 in Dodging
   992 | D:1      | Reached XP level 3. HP: 22/22 MP: 5/5
  1135 | D:1      | Reached skill level 3 in Short Blades
  2044 | D:2      | Slain by a gnoll

Vault maps used:
D:1:      scummos_arrival_hexagon, minmay_strange_pillars,
          corexii_hall_statues_s
D:2:      lemuel_coloured_pillars_altar

Skill      XL: |  1  2  3 |
---------------+----------+-----
Dodging        | 1 |  1.9
Short Blades   | 3 |  3.3
Fighting       | |  2.4
Armour         | |  2.4
Shields        | |  2.8

Action                   || total
-------------------------++-------
Melee: Rapier            ||   141
       Dagger            ||     5
  Use: Scroll            ||     2
  Eat: Chunk             ||     4
Armor: Scale mail        ||    49
Dodge: Dodged            ||    47
Block: Shield            ||    17
       Buckler           ||    27

Table legend:
 A = Spawn XP
 B = Non-spawn XP
 C = Spawn XP percentage of total XP
 D = Spawn monster count
 E = Non-spawn monster count
 F = Spawn count percentage of total count
 G = Total turns spent on level
                    A         B        C        D         E        F      G
               +---------+---------+-------+---------+---------+-------+---------
         Total |       0 |      90 |   0.0 |       0 |      43 |   0.0 |  2044
               +---------+---------+-------+---------+---------+-------+---------
           D:1 |       0 |      61 |   0.0 |       0 |      35 |   0.0 |  1338
           D:2 |       0 |      29 |   0.0 |       0 |       8 |   0.0 |   706
               +---------+---------+-------+---------+---------+-------+---------
